 Dungeon Crawl Stone Soup version 0.28.0 (webtiles) character file.

Game seed: 8290896536024277698

193 Amplified the Covered (level 5, -3/47 HPs)
             Began as a Minotaur Fighter on Feb 9, 2022.
             Was a Follower of Trog.
             Succumbed to an adder's poison
             ... on level 3 of the Dungeon.
             The game lasted 00:02:23 (2345 turns).

Amplified the Covered (Minotaur Fighter)            Turns: 2345, Time: 00:02:23

Health: -3/47      AC:  7    Str: 20    XL:     5   Next: 43%
Magic:  4/4        EV:  9    Int:  7    God:    Trog [*.....]
Gold:   107        SH:  4    Dex: 10    Spells: 4/4 levels left

rFire   . . .      SeeInvis .   i - +1 dagger (freeze)
rCold   . . .      Faith    .   c - +0 buckler
rNeg    . . .      Spirit   .   b - +0 scale mail
rPois   .          Reflect  .   (helmet restricted)
rElec   .          Harm     .   (no cloak)
rCorr   .          Rampage  .   (no gloves)
Will    .....                   (no boots)
Stlth   ..........              (no amulet)
HPRegen 0.15/turn               (no ring)
MPRegen 0.09/turn               (no ring)

@: lethally poisoned (-3 -> -13), on berserk cooldown, slowed, very slow
A: horns 2, retaliatory headbutt, inability to read while threatened
a: Renounce Religion, Berserk


You were on level 3 of the Dungeon.
You worshipped Trog.
Trog was aware of your devotion.
You visited 1 branch of the dungeon, and saw 3 of its levels.

You collected 107 gold pieces.

Inventory:

Hand Weapons
 a - a +0 war axe
 i - a +1 dagger of freezing (weapon)
Armour
 b - a +0 scale mail (worn)
 c - a +0 buckler (worn)
Wands
 d - a wand of digging (3)
Scrolls
 e - a scroll of vulnerability
 f - a scroll of torment
 g - a scroll of magic mapping {unknown}


   Skills:
 * Level 4.5 Fighting
 * Level 3.6 Axes
 * Level 5.1 Armour
 * Level 1.8 Dodging
 * Level 4.6 Shields


You had 4 spell levels left.
You didn't know any spells.
Your spell library contained the following spells:

 Spells                   Type           Power      Damage    Failure   Level
 Animate Skeleton         Necr           0%         N/A       86%         1
 Apportation              Tloc           0%         N/A       86%         1
 Summon Small Mammal      Summ           0%         N/A       86%         1
 Summon Ice Beast         Ice/Summ       0%         N/A       100%        4
 Summon Mana Viper        Hex/Summ       0%         N/A       100%        5
 Monstrous Menagerie      Summ           0%         N/A       100%        7


Dungeon Overview and Level Annotations

Branches:
Dungeon (3/15)

Altars:
Trog

Shops:
D:3 :


Innate Abilities, Weirdness & Mutations

You have a pair of horns on your head.
You reflexively headbutt those who attack you in melee.
You sometimes lose the ability to read scrolls when taking damage.


Message History

You kill the worm!
Trog accepts your kill.
You can read scrolls again.
The kobold hits you but does no damage. The adder bites you but does no damage.
The kobold hits you but does no damage. The adder bites you but does no damage.
You feel less attractive to monsters.
You barely miss the adder.
You feel less wooden.
Your +0 scale mail unmelds from your body.
The adder bites you but does no damage. The kobold hits you with a +0 dagger.
You feel threatened and lose the ability to read scrolls!
* * * LOW HITPOINT WARNING * * *
The adder bites you but does no damage.
Unknown command.
Found an escape hatch in the floor.
The adder bites you but does no damage.
You can read scrolls again.
The adder barely misses you.
The kobold throws a poisoned dart.
The poisoned dart hits you!
You are lethally poisoned!
The adder bites you but does no damage.
* * * LOW HITPOINT WARNING * * *
You feel very sick. You block the adder's attack.
* * * LOW HITPOINT WARNING * * *
You feel very sick. The adder bites you.
* * * LOW HITPOINT WARNING * * *
You are more poisoned.
The adder poisons you!
You aren't carrying any potions.
Unknown command.
Okay, then.
Unknown command.
Unknown command.
You aren't carrying any potions.
You aren't carrying any pieces of jewellery.
Unknown command.
You hit the adder.
The adder seems to slow down.
You freeze the adder.
The adder is heavily wounded.
You die...

#..#.##.#....# .#
#.............. ..
##..#.##.#.#..## #.## #
.......#.# ... ...
##......... >.. .... .
....#..#.#. ##.##..##.
##.##..#.# # ......... .
..†##..#.#.#..####.##..###..
...##..#.#.#....@SK.........
.......#.#.#...###...........
...###.#.#.#...###..#..###..#
............................#
...###.#.#.#...###..#.)......
.....................)†.##..#
..................†.........
...###...#.....†.............
.........#.#.#†.#...#...##.##


You could see an adder (slow) and a kobold.

Vanquished Creatures
  A hound (D:2)
  Ijyb (D:3)
  Robin (D:3)
  7 adders
  An adder skeleton (D:3)
  2 worms (D:3)
  2 dart slugs
  2 bats
  An endoplasm (D:1)
  3 giant cockroaches
  13 goblins
  7 hobgoblins
  2 quokkas
  3 ball pythons (D:2)
  A frilled lizard (D:1)
  4 kobolds
  3 rats
54 creatures vanquished.

Notes
Turn   | Place    | Note
-------+----------+-------------------------------------------
     0 | D:1      | Amplified the Minotaur Fighter began the quest for the Orb.
     0 | D:1      | Reached XP level 1. HP: 19/19 MP: 0/0
   908 | D:2      | Reached XP level 2. HP: 17/27 MP: 1/1
  1070 | D:2      | Reached skill level 4 in Armour
  1141 | D:2      | Reached XP level 3. HP: 33/33 MP: 2/2
  1227 | D:2      | Found a bloodstained altar of Trog.
  1241 | D:2      | Became a worshipper of Trog the Wrathful
  1636 | D:2      | Reached XP level 4. HP: 28/40 MP: 3/3
  1792 | D:2      | Reached skill level 1 in Dodging
  2072 | D:3      | Noticed Robin
  2086 | D:3      | Found Jomymi's Book Emporium.
  2122 | D:3      | Killed Robin
  2257 | D:3      | Reached skill level 5 in Armour
  2257 | D:3      | Reached XP level 5. HP: 47/47 MP: 4/4
  2283 | D:3      | Reached * piety under Trog
  2298 | D:3      | Noticed Ijyb
  2315 | D:3      | Gained mutation: You sometimes lose the ability to read
                  | scrolls when taking damage. [potion of mutation]
  2326 | D:3      | Killed Ijyb
  2344 | D:3      | HP: 1/47 [adder (2)]
  2345 | D:3      | Succumbed to an adder's poison

Illustrated notes

Levels and vault maps discovered:
D:1:      dpeg_arrival_castle, layout_basic
D:2:      minmay_evil_eye, layout_basic, basic_altar
D:3:      layout_basic, shapermc_ecumenical_altar_hornbeckon, serial_shops,
          shop, shop, nicolae_shop_crystal, uniq_ijyb, uniq_robin, uniq_sigmund

Skill      XL: |  1  2  3  4 |
---------------+-------------+-----
Armour         | 4 5 |  5.1
Shields        | 4 |  4.6
Fighting       | 4 |  4.5
Axes           | 3 |  3.6
Dodging        | 1 |  1.8

Action                   |  1- 3 |  4- 6 || total
-------------------------+-------+-------++-------
Melee: War axe           |    18 |       ||    18
       Headbutt          |     6 |     2 ||     8
       Dagger            |    47 |   100 ||   147
Invok: Berserk           |       |     1 ||     1
  Use: Potion            |     1 |     4 ||     5
       Scroll            |       |     2 ||     2
Armor: Scale mail        |    27 |    13 ||    40
       Skin              |       |   109 ||   109
Dodge: Dodged            |    18 |    28 ||    46
Block: Buckler           |    16 |    32 ||    48
